 Dungeon Crawl Stone Soup version 0.22-a0-525-gf69a080 (webtiles) character file.

4153 Amnesiac the Transmogrifier (level 10, -13/44 HPs)
             Began as a Spriggan Earth Elementalist on June 20, 2018.
             Was an Elder of Sif Muna.
             Hit by a javelin of returning thrown by a centaur (16 damage)
             ... in a bailey.
             The game lasted 00:13:28 (7111 turns).

Amnesiac the Transmogrifier (SpEE)                  Turns: 7111, Time: 00:13:29

Health: -13/44     AC:  2    Str:  4    XL:     10   Next: 7%
Magic:  32/32      EV: 18    Int: 20    God:    Sif Muna [****..]
Gold:   518        SH:  0    Dex: 17    Spells: 14/26 levels left

rFire    . . .     SeeInvis +   a - +1 dagger (elec)
rCold    . . .     Gourm    .   (shield restricted)
rNeg     . . .     Faith    .   c - +0 robe
rPois    .         Spirit   .   (helmet restricted)
rElec    .         Reflect  .   i - scarf {cloud immunity}
rCorr    .         Harm     .   (gloves unavailable)
MR       +....                  (boots unavailable)
Stlth    ++........             (no amulet)
HPRegen  0.14/turn              u - ring of magical power
MPRegen  0.23/turn              j - ring of flight

@: flying, hasted, divine energy, very quick
A: very small, unfitting armour, see invisible, herbivore, speed 3, slow
metabolism 2
a: Stop Divine Energy, Channel Magic, Forget Spell, Renounce Religion, Stop
Flying


You were in a bailey.
You worshipped Sif Muna.
Sif Muna was greatly pleased with you.
You were not hungry.

You visited 1 branch of the dungeon, and saw 7 of its levels.
You also visited: Bailey.

You collected 518 gold pieces.

Inventory:

Hand Weapons
 a - a +1 dagger of electrocution (weapon)
Missiles
 b - 37 stones (quivered)
Armour
 c - a +0 robe (worn)
 i - a scarf of cloud immunity (worn)
 F - a +0 buckler
Jewellery
 j - a ring of flight (right hand)
 l - a +3 ring of dexterity
 u - a ring of magical power (left hand)
Wands
 f - a wand of paralysis (16)
 z - a wand of enslavement (18)
 B - a wand of random effects (17)
Scrolls
 e - 2 scrolls of teleportation {!r}
 m - 4 scrolls of remove curse {!r}
 s - a scroll of amnesia {!r}
 D - a scroll of enchant armour {!r}
 G - a scroll of noise {!r}
Potions
 g - a potion of berserk rage {!q, unknown}
 h - a potion of agility {!q}
 k - a potion of brilliance {!q}
 n - a potion of degeneration {!q, unknown}
 o - a potion of heal wounds {!q, unknown}
 p - 5 potions of curing {!q}
 q - a potion of magic {!q}
 r - 2 potions of might {!q, unknown}
 t - a potion of cancellation {!q, unknown}
 v - a potion of mutation {!q, unknown}
 w - a potion of haste {!q}
 C - a potion of ambrosia {!q, unknown}
 H - a potion of flight {!q}
Comestibles
 d - 14 rations


   Skills:
 - Level 3.0 Short Blades
 - Level 3.0 Dodging
 - Level 3.0 Stealth
 + Level 8.9 Spellcasting
 + Level 9.6 Transmutations
 * Level 9.6 Earth Magic


You had 14 spell levels left.
You knew the following spells:

 Your Spells              Type           Power        Failure   Level  Hunger
a - Sandblast             Erth           #####.       1%          1    None
b - Passwall              Tmut/Erth      #####...     1%          2    None
d - Lee's Rapid Deconstr  Erth           #####.....   4%          5    #####..
e - Petrify               Tmut/Erth      #####...     1%          4    ###....

Your spell library contained the following spells:

 Spells                   Type           Power        Failure   Level  Hunger
 Stone Arrow              Conj/Erth      ####..       3%          3    None


Dungeon Overview and Level Annotations

Branches:
Dungeon (7/15)             Temple (0/1) D:7

Altars:
Dithmenos
Elyvilon
Fedhas
Hepliaklqana
Kikubaaqudgha
Okawaru
Ru
Sif Muna
Trog
Uskayaw
Vehumet
Wu Jian
The Shining One

Shops:
D:5 *


Innate Abilities, Weirdness & Mutations

You are very small and have problems with some larger weapons.
You are too small for most types of armour.
You have supernaturally acute eyesight. (SInv)
You are a herbivore.
You cover ground extremely quickly.
You need to consume almost no food.


Message History

The javelin of returning hits you!
* * * LOW HITPOINT WARNING * * *
The weapon returns to the centaur!
The orc hits you with a trident.
* * * LOW HITPOINT WARNING * * *
There is a fountain of clear blue water here.
The helpless orc warrior fails to defend itself.
You puncture the orc warrior!
The orc warrior is moderately wounded.
The centaur shouts!
The centaur throws a javelin of returning.
The javelin of returning barely misses you.
The weapon returns to the centaur!
The helpless orc warrior fails to defend itself.
You impale the orc warrior!!
Lightning courses through the orc warrior!
The orc warrior is almost dead.
The orc closely misses you.
The centaur throws a javelin of returning.
The javelin of returning hits you!
* * * LOW HITPOINT WARNING * * *
The weapon returns to the centaur!
Really quaff
q - 2 fizzy cyan potions {!q}?
It was a potion of magic {!q}.
Magic courses through your body. The orc hits you with a trident.
* * * LOW HITPOINT WARNING * * *
The centaur throws a javelin of returning.
The javelin of returning misses you.
The weapon returns to the centaur!
Really quaff
p - 8 black potions {!q}?
It was a potion of curing {!q}.
You feel better. The centaur closely misses you.
The centaur throws a javelin of returning.
The javelin of returning closely misses you.
The weapon returns to the centaur!
The orc closely misses you.
Really quaff
p - 7 potions of curing {!q}?
You feel better.
The centaur throws a javelin of returning.
The javelin of returning closely misses you.
The weapon returns to the centaur!
The centaur hits you from afar with a halberd!
* * * LOW HITPOINT WARNING * * *
The orc completely misses you.
Okay, then.
Really quaff
p - 6 potions of curing {!q}?
You feel better.
The centaur hits you from afar with a halberd!
* * * LOW HITPOINT WARNING * * *
The orc barely misses you. x2
The centaur hits you from afar with a halberd.
* * * LOW HITPOINT WARNING * * *
The helpless orc warrior fails to defend itself.
You impale the orc warrior!!
You kill the orc warrior!
Sif Muna accepts your kill. The orc misses you. The centaur closely misses you.
The centaur throws a javelin of returning.
The javelin of returning closely misses you.
The weapon returns to the centaur!
The orc hits you but does no damage.
Unknown command.
Really quaff
w - 2 inky potions {!q}?
It was a potion of haste {!q}.
You feel yourself speed up.
The centaur throws a javelin of returning.
The javelin of returning hits you!
You die...

##############
≈≈≈≈≈≈≈≈≈≈≈≈≈##
≈≈≈≈≈≈≈≈≈≈≈≈≈≈##
.......≈≈≈≈≈≈≈≈##
≈≈≈.≈≈≈.c≈≈≈≈≈≈≈#
≈.....≈≈≈..≈≈≈≈≈#
......o)≈≈≈.≈≈≈≈#
..≈≈≈.....≈.≈≈≈≈#
.≈≈≈≈≈c)@o≈≈.≈≈≈#
.≈≈≈≈≈.....≈.≈≈≈#
≈≈≈≈≈≈≈....≈≈.≈≈#
≈≈≈≈≈≈≈.....≈.≈≈#
≈≈≈?≈≈≈.....≈.≈≈#
.≈≈≈)≈)≈.....≈.≈≈#
≈.....≈%≈}≈≈≈.....≈.≈≈#
≈.....≈≈≈)≈≈≈.....≈.≈≈#
≈≈....≈≈≈≈%≈≈....≈≈.≈≈#


You could see 2 centaurs and 2 orcs.

Vanquished Creatures
  A moth of wrath (D:5)
  Grinder (D:3)
  A spriggan (D:7)
  A wyvern (D:6)
  Eustachio (D:5)
  A hungry ghost (D:7)
  10 orc warriors (Bailey)
  3 ogres
  A phantom (D:6)
  6 centaurs
  2 bullfrogs (D:6)
  A scorpion (D:4)
  6 howler monkeys
  A crimson imp (D:7)
  2 orc priests
  5 hounds
  A gnoll shaman (D:6)
  A centaur zombie (D:7)
  2 bullfrog skeletons
  An iguana (D:4)
  5 orc wizards
  2 worker ants (D:4)
  A hound zombie (D:6)
  8 adders
  4 gnolls (D:6)
  An ooze (D:2)
  An adder skeleton (D:4)
  5 worms
  5 leopard geckos
  30 orcs
  2 ball pythons
  10 bats
  A giant cockroach (D:2)
  11 goblins
  9 hobgoblins
  10 jackals
  7 quokkas
  3 frilled lizards (D:5)
  A jackal zombie (D:6)
  11 kobolds
  2 leopard gecko skeletons
  A leopard gecko zombie (D:7)
  A quokka zombie (D:6)
  9 rats
188 creatures vanquished.

Notes
Turn   | Place    | Note
-------+----------+-------------------------------------------
     0 | D:1      | Amnesiac the Spriggan Earth Elementalist began the quest for the Orb.
     0 | D:1      | Reached XP level 1. HP: 9/9 MP: 5/5
    95 | D:3      | Found an iron altar of Okawaru.
    98 | D:3      | Reached XP level 2. HP: 13/13 MP: 7/7
   102 | D:3      | Learned a level 2 spell: Passwall
   174 | D:3      | Found a hazy altar of Hepliaklqana.
   654 | D:4      | Reached XP level 3. HP: 12/16 MP: 5/8
   666 | D:3      | Reached skill level 1 in Short Blades
   760 | D:3      | Reached XP level 4. HP: 17/21 MP: 6/9
   812 | D:4      | Learned a level 4 spell: Petrify
   818 | D:4      | Noticed an ogre
   837 | D:4      | Killed an ogre
   837 | D:4      | Reached XP level 5. HP: 17/24 MP: 2/11
  1238 | D:4      | Reached XP level 6. HP: 20/28 MP: 8/13
  1391 | D:5      | Entered Level 5 of the Dungeon
  1557 | D:5      | Found a deep blue altar of Sif Muna.
  1560 | D:5      | Became a worshipper of Sif Muna the Loreminder
  2837 | D:2      | Found a hide-covered altar of Uskayaw.
  2840 | D:2      | Found a shadowy altar of Dithmenos.
  2843 | D:2      | Found an ancient bone altar of Kikubaaqudgha.
  2850 | D:2      | Found an ornate altar of the Wu Jian Council.
  3062 | D:3      | Noticed Grinder
  3076 | D:3      | Killed Grinder
  3076 | D:3      | Reached skill level 5 in Transmutations
  3076 | D:3      | Reached skill level 5 in Earth Magic
  3076 | D:3      | Reached XP level 7. HP: 32/32 MP: 15/15
  3460 | D:5      | Reached * piety under Sif Muna
  3460 | D:5      | Reached skill level 5 in Spellcasting
  3767 | D:5      | Found Vuplel Wuo's General Store.
  3816 | D:5      | Found a sacrificial altar of Ru.
  3992 | D:5      | Noticed a moth of wrath
  4000 | D:5      | Learned a level 5 spell: Lee's Rapid Deconstruction
  4006 | D:5      | Killed a moth of wrath
  4006 | D:5      | Reached ** piety under Sif Muna
  4006 | D:5      | Reached XP level 8. HP: 36/36 MP: 1/18
  4107 | D:5      | Found a bloodstained altar of Trog.
  4133 | D:5      | Noticed Eustachio
  4167 | D:5      | Killed Eustachio
  4337 | D:5      | Found a blossoming altar of Fedhas.
  4632 | D:6      | Found a white marble altar of Elyvilon.
  4869 | D:6      | Reached *** piety under Sif Muna
  5016 | D:6      | Reached XP level 9. HP: 25/39 MP: 20/20
  5385 | D:7      | Found a radiant altar of Vehumet.
  5625 | D:7      | Found a glowing golden altar of the Shining One.
  5646 | D:7      | Found a staircase to the Ecumenical Temple.
  5769 | D:7      | Found a flagged portal.
  5774 | Bailey   | Entered a bailey
  6138 | Bailey   | Reached **** piety under Sif Muna
  6954 | Bailey   | Reached XP level 10. HP: 37/44 MP: 8/23
  7111 | Bailey   | Hit by a javelin of returning thrown by a centaur

Vault maps used:
D:1:      elethiomel_arrival_quiet, minivault_25
D:2:      grunt_temple_overflow_cloverleaf, first_ration
D:3:      lemuel_round_altar, okawaru_ov_weapons_minmay, uniq_grinder
D:5:      tgw_trog, kennysheep_mini_moat, fedhas_altar_4, serial_shops,
          nicolae_shop_behind_doors, minivault_14,
          nicolae_ru_great_annihilating_truth, uniq_eustachio
D:6:      elyvilon_altar_5
D:7:      vehumet_crystals, marbit_many_paths, temple_fountains, enter_bailey_3,
          hangedman_glass_teeth, the_bakery
Bailey:   bailey_polearm_flooded_kennysheep, bailey

Skill      XL: |  1  2  3  4  5  6  7  8  9 |
---------------+----------------------------+-----
Spellcasting   | 3 4 6 7 8 |  8.9
Earth Magic    | 3 4 5 6 7 9 |  9.6
Transmutations | 3 4 5 6 7 9 |  9.6
Short Blades   | 1 2 3 |  3.0
Dodging        | |  3.0
Stealth        | |  3.0

Action                   |  1- 3 |  4- 6 |  7- 9 | 10-12 || total
-------------------------+-------+-------+-------+-------++-------
Melee: Dagger            |    25 |    88 |   147 |     6 ||   266
 Cast: Sandblast         |    14 |    66 |   121 |       ||   201
       Passwall          |     5 |     5 |     2 |       ||    12
       Petrify           |       |     1 |    19 |     3 ||    23
       Lee's Rapid Decon |       |       |    12 |     2 ||    14
Invok: Divine Energy     |       |       |     1 |       ||     1
 Abil: Evoke Flight      |       |       |     2 |     1 ||     3
  Use: Scroll            |       |       |     9 |       ||     9
       Potion            |       |       |     4 |     5 ||     9
 Stab: Sleeping          |     6 |     9 |     6 |       ||    21
       Petrified         |       |     2 |    21 |     6 ||    29
       Petrifying        |       |     1 |     2 |       ||     3
       Paralysed         |       |       |     1 |       ||     1
       Distracted        |       |       |     1 |       ||     1
  Eat: Ration            |       |       |     5 |     1 ||     6
Armor: Robe              |     2 |    12 |    11 |     1 ||    26
       Skin              |       |       |     4 |       ||     4
Dodge: Dodged            |    15 |    81 |   125 |    16 ||   237

Table legend:
 A = Spawn XP
 B = Non-spawn XP
 C = Spawn XP percentage of total XP
 D = Spawn monster count
 E = Non-spawn monster count
 F = Spawn count percentage of total count
 G = Total turns spent on level
                    A         B        C        D         E        F      G
               +---------+---------+-------+---------+---------+-------+---------
         Total |       0 |    5933 |   0.0 |       0 |     188 |   0.0 |  7111
               +---------+---------+-------+---------+---------+-------+---------
           D:1 |       0 |      46 |   0.0 |       0 |      25 |   0.0 |   721
           D:2 |       0 |      59 |   0.0 |       0 |      20 |   0.0 |   700
           D:3 |       0 |     436 |   0.0 |       0 |      26 |   0.0 |   779
           D:4 |       0 |     351 |   0.0 |       0 |       9 |   0.0 |  1149
           D:5 |       0 |    1056 |   0.0 |       0 |      27 |   0.0 |  1140
           D:6 |       0 |    1041 |   0.0 |       0 |      26 |   0.0 |   840
           D:7 |       0 |    1014 |   0.0 |       0 |      23 |   0.0 |   445
        Bailey |       0 |    1930 |   0.0 |       0 |      32 |   0.0 |  1337
               +---------+---------+-------+---------+---------+-------+---------
